 Dungeon Crawl Stone Soup version 0.31-a0-1267-gfedaa18 (webtiles) character file.

Game seed: 3345825609772579108

1938949 Kearsarge the Conqueror (level 25, 210/210 HPs)
             Began as a Merfolk Fighter on Dec 16, 2023.
             Was an Initiate of Gozag.
             Escaped with the Orb
             ... and 3 runes!
             The game lasted 01:35:51 (49046 turns).

Kearsarge the Conqueror (Merfolk Fighter)          Turns: 49046, Time: 01:35:52

Health: 210/210    AC: 28    Str: 19    XL:     25   Next: 67%
Magic:  32/32      EV: 24    Int: 12    God:    Gozag
Gold:   2312       SH: 36    Dex: 30    Spells: 24/24 levels left

rFire   + + +        G - +9 demon trident (heavy)
rCold   + + +        w - +8 tower shield {rN+}
rNeg    + + .        r - +13 plate armour "Gifaebad" {rElec rCorr Str-5 Int+3}
rPois   +            V - +0 mask of the Dragon {Will+ Slay+3 SInv}
rElec   +            h - scarf {rC+ rF+}
rCorr   +            S - +1 pair of gloves "Gueliph" {rF++ MP+9}
SInv    +            I - +1 pair of boots of Compression {rF+ rCorr SInv}
Will    ++...        X - amulet of regeneration Stlth
                     s - ring "Bikk" {rC+ rN+ Dex+6}
HPRegen 1.35/turn    y - ring of Xixeeb {rPois rC+ Dex+6 Stlth+}
MPRegen 0.23/turn

%: clarity
@: studying 2 skills
A: (nimble swimmer 2), mertail, antennae 1, agile 1, clarity, frail 1, subdued
magic 1
0: Orb of Zot
}: 3/15 runes: serpentine, barnacled, silver
a: Renounce Religion, Potion Petition, Call Merchant, Bribe Branch


You escaped.
You worshipped Gozag.
Gozag was most pleased with you.
You visited 9 branches of the dungeon, and saw 47 of its levels.
You visited 1 bazaar.
You visited 1 ziggurat, and saw 4 of its levels.
You also visited: Ossuary and Gauntlet.

You collected 23998 gold pieces.
You spent 9267 gold pieces at shops.
You paid 12419 gold pieces to Gozag.

Inventory:

Hand Weapons
 G - a +9 heavy demon trident (weapon)
Missiles
 k - 50 poisoned darts
 L - 2 throwing nets
 O - 19 curare-tipped darts
Armour
 h - a scarf of resistance (worn)
 r - the +13 plate armour "Gifaebad" (worn) {rElec rCorr Str-5 Int+3}
   (You bought it in a shop on level 2 of the Vaults)

   Str-5:     It affects your strength (-5).
   Int+3:     It affects your intelligence (+3).
   rElec:     It insulates you from electricity.
   rCorr:     It protects you from acid and corrosion.
 w - a +8 tower shield of positive energy (worn)
 B - the +5 gold dragon scales "Kuzxa" {rPois rF+ rC+ rCorr}
   (You bought it in a shop on level 3 of the Snake Pit)

   rF+:       It protects you from fire.
   rC+:       It protects you from cold.
   rPois:     It protects you from poison rCorr: It protects you from acid and
   corrosion.
 I - the +1 pair of boots of Compression (worn) {rF+ rCorr SInv}
   (You found it in a Gauntlet)

   rF+:       It protects you from fire.
   SInv:      It lets you see invisible.
   rCorr:     It protects you from acid and corrosion.
 S - the +1 pair of gloves "Gueliph" (worn) {rF++ MP+9}
   (You found it in a Gauntlet)

   rF++:      It greatly protects you from fire.
   MP+9:      It affects your magic capacity (+9).
 V - the +0 mask of the Dragon (worn) {Will+ Slay+3 SInv}
   (You bought it in a shop on level 5 of the Lair of Beasts)

   Slay+3:    It affects your accuracy & damage with ranged weapons and melee
   (+3).
   Will+:     It increases your willpower.
   SInv:      It lets you see invisible.
Jewellery
 s - the ring "Bikk" (left hand) {rC+ rN+ Dex+6}
   (You found it on level 4 of the Vaults)

   [ring of positive energy]

   Dex+6:     It affects your dexterity (+6).
   rC+:       It protects you from cold.
   rN+:       It protects you from negative energy.
 t - the ring "Pesh" {rN++ rCorr MP+9}
   (You took it off a vault guard on level 5 of the Vaults)

   [ring of magical power]

   rN++:      It greatly protects you from negative energy.
   MP+9:      It affects your magic capacity (+9).
   rCorr:     It protects you from acid and corrosion.
 v - the ring of Acosk {rF+ EV+5 Str+2 Int+3}
   (You found it on level 3 of a ziggurat)

   [ring of evasion]

   EV+5:      It affects your evasion (+5).
   Str+2:     It affects your strength (+2).
   Int+3:     It affects your intelligence (+3).
   rF+:       It protects you from fire.
 y - the ring of Xixeeb (right hand) {rPois rC+ Dex+6 Stlth+}
   (You found it on level 2 of the Depths)

   [ring of dexterity]

   Dex+6:     It affects your dexterity (+6).
   rC+:       It protects you from cold.
   rPois:     It protects you from poison Stlth+: It makes you more stealthy.
 X - an amulet of regeneration (around neck)
Wands
 a - a wand of mindburst (33)
 n - a wand of paralysis (39)
 D - a wand of polymorph (16)
 E - a wand of digging (4)
 K - a wand of iceblast (20)
 Q - a wand of flame (123)
 Y - a wand of acid (33)
Scrolls
 b - 5 scrolls of teleportation
 c - 2 scrolls of fear
 d - a scroll of brand weapon
 e - 9 scrolls of noise
 f - 2 scrolls of fog
 l - 2 scrolls of immolation
 m - 2 scrolls of revelation
 q - 12 scrolls of vulnerability
 x - 4 scrolls of torment
 z - a scroll of butterflies
 H - 4 scrolls of amnesia
 N - 2 scrolls of poison
Potions
 g - 3 potions of cancellation
 i - 9 potions of brilliance
 j - 3 potions of ambrosia
 p - 8 potions of attraction
 u - a potion of magic
 A - 9 potions of might
 C - 4 potions of lignification
 M - 9 potions of curing
 P - 2 potions of resistance
 R - 6 potions of mutation
 U - a potion of haste
 Z - 3 potions of berserk rage
Miscellaneous
 o - a lightning rod (4/4)
 J - a sack of spiders (inert)


   Skills:
 O Level 27 Fighting
 O Level 27 Polearms
 - Level 2.1 Armour
 O Level 27 Dodging
 + Level 24.6 Shields


You had 24 spell levels left.
You didn't know any spells.
Your spell library contained the following spells:

 Spells                   Type           Power      Damage    Failure   Level
 Apportation              Tloc           0%         N/A       100%        1
 Kiss of Death            Conj/Necr      0%         2d5       100%        1
 Necrotise                Necr           0%         1d4       100%        1
 Sandblast                Erth           0%         2d4       100%        1
 Slow                     Hex            0%         N/A       100%        1
 Summon Small Mammal      Summ           0%         N/A       100%        1
 Blink                    Tloc           0%         N/A       100%        2
 Cigotuvi's Dreadful Rot  Necr/Pois/Air  0%         N/A       100%        2
 Ensorcelled Hibernation  Hex/Ice        0%         N/A       100%        2
 Jinxbite                 Hex            0%         N/A       100%        2
 Passwall                 Tmut/Erth      0%         N/A       100%        2
 Poisonous Vapours        Pois/Air       0%         N/A       100%        2
 Scorch                   Fire           0%         2d5       100%        2
 Static Discharge         Conj/Air       0%         3-3/arc   100%        2
 Sublimation of Blood     Necr           0%         N/A       100%        2
 Wereblood                Tmut           0%         N/A       100%        2
 Confusing Touch          Hex            0%         N/A       100%        3
 Gell's Gravitas          Tloc           0%         N/A       100%        3
 Ignite Poison            Fire/Tmut/Pois 0%         N/A       100%        3
 Mephitic Cloud           Conj/Pois/Air  0%         N/A       100%        3
 Sigil of Binding         Hex            0%         N/A       100%        3
 Stone Arrow              Conj/Erth      0%         3d7       100%        3
 Teleport Other           Tloc           0%         N/A       100%        3
 Vampiric Draining        Necr           0%         2d6       100%        3
 Airstrike                Air            0%         2d(0-16)  100%        4
 Anguish                  Hex/Necr       0%         N/A       100%        4
 Brom's Barrelling Bould  Conj/Erth      0%         2d3       100%        4
 Dispel Undead            Necr           0%         3d6       100%        4
 Flame Wave               Conj/Fire      0%         2d4       100%        4
 Leda's Liquefaction      Tmut/Erth      0%         N/A       100%        4
 Manifold Assault         Tloc           0%         N/A       100%        4
 Petrify                  Tmut/Erth      0%         N/A       100%        4
 Summon Lightning Spire   Summ/Air       0%         N/A       100%        4
 Vhi's Electric Charge    Tloc/Air       0%         N/A       100%        4
 Agony                    Necr           0%         N/A       100%        5
 Alistair's Intoxication  Tmut/Pois      0%         N/A       100%        5
 Arcjolt                  Conj/Air       0%         1d10      100%        5
 Freezing Cloud           Conj/Ice/Air   0%         6-21      100%        5
 Irradiate                Conj/Tmut      0%         3d11      100%        5
 Iskenderun's Battlesphe  Conj           0%         2d6       100%        5
 Lee's Rapid Deconstruct  Erth           0%         3d4*      100%        5
 Bombard                  Conj/Erth      0%         9d1       100%        6
 Conjure Ball Lightning   Conj/Air       0%         3x3d6     100%        6
 Death Channel            Necr           0%         N/A       100%        6
 Dispersal                Tloc           0%         N/A       100%        6
 Plasma Beam              Fire/Air       0%         2x1d10    100%        6
 Summon Cactus Giant      Summ           0%         N/A       100%        6
 Haunt                    Necr/Summ      0%         N/A       100%        7
 Ozocubu's Refrigeration  Ice            0%         4d7       100%        7
 Spellforged Servitor     Conj/Summ      0%         N/A       100%        7
 Summon Hydra             Summ           0%         N/A       100%        7
 Borgnjor's Revivificati  Necr           0%         N/A       100%        8
 Discord                  Hex            0%         N/A       100%        8
 Disjunction              Tloc           0%         N/A       100%        8
 Chain Lightning          Conj/Air       0%         N/A       100%        9
 Death's Door             Necr           0%         N/A       100%        9
 Fire Storm               Conj/Fire      0%         5d1       100%        9
 Polar Vortex             Ice            0%         N/A       100%        9
 Shatter                  Erth           0%         3d5*      100%        9
 Simulacrum               Ice/Necr       Unusable   N/A       N/A         6

Dungeon Overview and Level Annotations

Branches:
Dungeon (15/15)            Temple (0/1) D:7            Lair (5/5) D:8
 Shoals (4/4) Lair:2        Snake (4/4) Lair:2        Slime (0/5) Lair:4
    Orc (2/2) D:9             Elf (3/3) Orc:2        Vaults (5/5) D:13
  Crypt (0/3) Vaults:2     Depths (4/4) D:15            Zot (5/5) Depths:4
Ossuary (visited)         Gauntlet (visited)

Altars:
Ashenzari
Elyvilon
Gozag
Kikubaaqudgha
Ru
Trog
Uskayaw
Vehumet
Wu Jian
Xom
Yredelemnul
The Shining One

Shops:
D:3 :(:?   D:4 (   D:5 *   D:6 *   D:8 *   D:9 [   D:15 ??   Orc:1 ?
Orc:2 *(?:   Elf:3 [   Lair:5 [   Shoals:2 *[!   Snake:3 [(   Vaults:2 *(
Vaults:5 [   Depths:1 =[   Depths:4 :

Portals:
Hell: Depths:1 Depths:2 Depths:3 Depths:4
Abyss: Depths:3 Depths:4
Pandemonium: Depths:2

Annotations:
D:4 1 runed translucent door, qazz's ghost, amateur MfSu
D:5 2 transporters
Snake:1 Frances
Snake:2 Roxanne
Orc:1 2 transporters, Kearsarge's ghost, journeyman AtFi
Orc:2 3 runed translucent doors, rotlqkf's ghost, journeyman TrMo
Vaults:2 Mennas
Zot:2 2 transporters, Celeygasm's ghost, legendary DsGl; Parghit


Innate Abilities, Weirdness & Mutations

((You are very nimble when in or above water. (Stealth+, EV+, Speed+++)))
Your lower body shifts to a powerful aquatic tail in water.
You have a pair of small antennae on your head.
You are agile. (Dex +4, Str/Int -1)
You possess an exceptional clarity of mind.
You are frail. (-10% HP)
Your spells are a little easier to cast, but a little less powerful.


Message History

You impale the Orb Guardian!!
You kill the Orb Guardian!
No target in view!
No target in view!
What level of the Dungeon? (default 1, ? - help)
A sixfirhy comes into view.
There is a stone staircase leading up here.
You reach to attack!
You puncture the sixfirhy!
The sixfirhy is moderately wounded.
You reach to attack!
You puncture the sixfirhy!
The sixfirhy is heavily wounded.
You block the sixfirhy's attack. x4
You climb upwards.
There is a stone staircase leading down here.
You spit the sixfirhy like a pig!!!
You kill the sixfirhy!
No target in view!
No target in view!
No target in view!
There is a stone staircase leading up here.
You climb upwards.
There is a stone staircase leading down here.
What level of the Dungeon? (default 3, ? - help)
Things that are here:
4 stones; a +0 whip; a +0 dagger
Things that are here:
5 stones; a +0 short sword
There is a stone staircase leading up here.
You climb upwards.
There is a stone staircase leading down here.
Aiming: Dig
Press: ? - help, Q - select action, (/) - cycle Shift-Dir - straight line A rock wall.
This square is covered in magical glow.
The rock shatters into small pieces.
Blink to where?
Press: ? - help, Q - select action, (/) - cycle Dir - move target
As you read the scroll of blinking, it crumbles to dust.
There is a staircase leading out of the dungeon here.
You have escaped!

........####..................##.
..........)......................
......####.#.............####..##
...........#...#####.....# ##..#
...........#...# #.....# ##.#
#####......###### ######## #..
...........# #.###..##..######.#
...........# ###..#..###..#...#.#
...........# #..@...##.......##.#
...##......###.....#.#.......##..
##.##......##.....#........####.#
##.........###.(.......##### #.#
........#####........### ##..
........# ###......### ##..#
........# #......#.# #...#
........# #....####. ###....
........###.#### .#######.....#


There were no monsters in sight!

Vanquished Creatures
  A dread lich (Vaults:5)
  3 ancient liches
  Mara (Vaults:5)
  A Killer Klown (Zot:5)
  Bai Suzhen (Vaults:5)
  Saint Roka (Elf:3)
  Vashnia (Snake:2)
  6 golden dragons
  A bone dragon (Depths:4)
  A profane servitor (Zot:2)
  A Tzitzimitl (Zot:3)
  An electric golem (Zot:5)
  A Brimstone Fiend (D:6)
  11 tentacled monstrosities
  2 Ice Fiends
  12 Orb Guardians
  2 liches (Depths:3)
  Zenata (Vaults:4)
  4 titans (Vaults:5)
  2 deep elf blademasters (Elf:3)
  5 quicksilver dragons
  Gastronok (Lair:1)
  3 death cobs
  An ancient champion (Depths:3)
  2 deep elf master archers (Elf:3)
  2 sphinxes
  9 storm dragons
  7 shadow dragons (Vaults:5)
  Agnes (D:14)
  3 tengu reavers
  Ilsuiw (Shoals:2)
  3 nagarajas
  Donald (Vaults:2)
  7 fire giants
  4 draconian monks
  A nargun (Zig:4)
  4 protean progenitors
  2 frost giants (Depths:4)
  2 daevas (Depths:3)
  6 draconian scorchers
  7 draconian shifters
  3 iron dragons
  4 deep elf sorcerers (Elf:3)
  13 vault wardens
  A ghoul (Vaults:2)
  3 ghost moths
  Louise (Depths:3)
  A curse skull (Zig:2)
  2 angels (Depths:3)
  A deep elf elementalist (Elf:3)
  11 stone giants
  3 orc warlords
  19 ironbound preservers
  2 draconian annihilators (Zot:1)
  4 formless jellyfish
  4 war gargoyles
  6 vampire knights
  5 ironbound thunderhulks
  6 deep elf demonologists
  An ophan (Depths:1)
  22 very ugly things
  3 green draconians
  9 white draconians
  8 deep elf annihilators
  7 spark wasps
  8 black draconians
  7 red draconians
  13 dire elephants
  A minotaur (Gauntlet)
  5 deep elf death magi (Elf:3)
  8 yellow draconians
  A wendigo (Zig:4)
  3 purple draconians
  An eidolon (Vaults:2)
  7 deep elf high priests
  10 merfolk impalers
  14 ettins
  4 hydras
  15 yaktaur captains
  8 fire dragons
  7 merfolk javelineers
  6 entropy weavers
  2 peacekeepers
  33 vault guards
  9 ice dragons
  2 rakshasas (Depths:1)
  2 sphinx zombies (D:15)
  6 great orbs of eyes
  10 anacondas
  Erolcha (D:10)
  An ogre mage (D:15)
  2 salamander tyrants (Snake:4)
  3 merfolk avatars
  4 merfolk aquamancers
  8 ironbound frosthearts
  An alligator snapping turtle (Shoals:1)
  10 dancing weapons
  18 centaur warriors
  8 two-headed ogres
  3 boulder beetles
  9 death yaks
  10 naga warriors
  4 deep troll shamans
  12 deep troll earth magi
  5 tengu warriors
  5 spriggan berserkers
  3 vampire magi
  2 occultists
  11 naga sharpshooters
  A satyr (Shoals:4)
  8 hell knights (Depths:1)
  9 deep elf knights (Elf:1)
  2 orc high priests (Orc:2)
  Sonja (D:13)
  5 shock serpents
  3 spriggans (Depths:4)
  A soul eater (Vaults:2)
  2 wretched stars (Zig:3)
  6 iron trolls
  8 salamander mystics
  3 skeletal warriors (D:15)
  A fire crab (Gauntlet)
  17 sea snakes
  A sixfirhy (D:3)
  A shadow wraith (Vaults:5)
  A fire crab (shapeshifter) (Vaults:5)
  5 skysharks
  A goliath frog (Lair:5)
  3 cherubim (Depths:3)
  4 glowing orange brains
  57 deep trolls
  An obsidian statue (Gauntlet)
  7 phantasmal warriors
  12 lindwurms
  6 naga ritualists
  9 deep elf archers
  8 arcanists
  5 necromancers
  11 orc knights
  17 harpies
  22 ironbound convokers
  16 deep elf zephyrmancers
  9 mana vipers
  27 deep elf pyromancers
  10 manticores
  A faun (shapeshifter) (Vaults:5)
  A shining eye (Depths:1)
  2 cyclopes
  A sphinx simulacrum (Vaults:3)
  27 ugly things
  15 fauns
  A tengu skeleton (Vaults:3)
  8 orc sorcerers
  2 wolf spiders
  A stone giant zombie (Vaults:1)
  24 salamanders
  8 moths of wrath
  A stone giant skeleton (Vaults:3)
  40 black mambas
  3 water nymphs
  11 merfolk sirens
  16 vault sentinels
  16 elephants
  7 guardian serpents
  A black mamba (shapeshifter) (D:15)
  4 kobold blastminers (Orc:1)
  9 naga magi
  An ice statue (Zig:4)
  21 cane toads
  3 gargoyles
  A torpor snail (Gauntlet)
  A rust devil (Zot:5)
  5 eyes of devastation (Depths:1)
  A hellion (D:9)
  2 minotaur zombies (Gauntlet)
  2 rime drakes
  An unseen horror (D:12)
  10 komodo dragons
  An ice devil (Zot:3)
  21 yaktaurs
  A freezing wraith (Vaults:5)
  2 tengu conjurers
  A kobold demonologist (D:9)
  A spark wasp simulacrum (Depths:2)
  9 trolls
  36 merfolk
  3 meliai (D:13)
  2 tyrant leeches (Zot:4)
  5 polar bears (Lair:3)
  2 hellwings (Zot:2)
  4 hornets
  A glass eye (Depths:1)
  2 spriggan zombies (Depths:1)
  A tarantella (Vaults:4)
  21 blink frogs
  4 wind drakes
  10 snapping turtles
  A fire giant simulacrum (Depths:2)
  7 dream sheep (Lair:5)
  A ynoxinul (Zot:5)
  A jumping spider (Vaults:2)
  35 slime creatures
  3 shadows
  3 vampires
  14 water elementals
  5 air elementals
  30 yaks
  A human (shapeshifter) (Elf:3)
  7 basilisks
  3 wyverns
  A fire elemental (Elf:3)
  4 fire bats (Gauntlet)
  2 spriggan simulacra (Depths:1)
  3 wraiths
  3 golden eyes (Depths:1)
  7 vampire mosquitoes
  A warg (Elf:3)
  3 redbacks
  4 steam dragons
  2 swamp worms (Zot:4)
  Menkaure (D:7)
  31 nagas
  2 acid dragons
  A glowing shapeshifter skeleton (Depths:1)
  11 water moccasins
  A human skeleton (Vaults:3)
  2 sky beasts
  A swamp drake (D:9)
  27 orc warriors
  A black bear (Lair:1)
  2 ice beasts
  6 centaurs
  4 ogres
  6 wolves (Lair:1)
  3 boggarts (Vaults:4)
  A centaur (shapeshifter) (Vaults:4)
  17 starcursed masses (Zig:3)
  4 kobold brigands
  A gnoll sergeant (D:11)
  19 bullfrogs
  10 scorpions
  An earth elemental (Elf:3)
  4 necrophages (D:4)
  6 wights
  4 killer bees (D:10)
  12 electric eels
  10 howler monkeys
  A lava snake (D:7)
  A centaur zombie (Ossuary)
  4 human zombies
  8 jellies
  30 orc priests
  3 hounds
  Crazy Yiuf (D:3)
  A gnoll bouda (D:6)
  2 sleepcaps
  5 iguanas
  7 scorpion zombies
  Natasha (thrice) (D:3)
  44 orc wizards
  8 hell rats
  A hound zombie (D:4)
  5 mummies
  Robin (D:3)
  8 gnolls (D:6)
  A river rat (D:8)
  6 adders
  A white imp (D:8)
  7 ufetubi
  An adder zombie (D:4)
  A worm (D:2)
  2 dart slugs
  78 orcs
  6 ball pythons
  6 endoplasms
  6 giant cockroaches
  3 gnoll zombies (Ossuary)
  14 goblins
  7 hobgoblins
  4 jackals (D:2)
  23 kobolds
  4 quokkas
  4 bats
  5 frilled lizards
  2 goblin zombies (Ossuary)
  A hobgoblin zombie (Ossuary)
  2 kobold zombies (Ossuary)
  2 orc zombies (Ossuary)
  7 rats
  An aspiring flesh (Zot:1)
1897 creatures vanquished.

Vanquished Creatures (collateral kills)
  An Orb Guardian (Zot:5)
  An orc priest (Orc:2)
2 creatures vanquished.

Vanquished Creatures (others)
  4 dread liches
  An ancient lich (Zot:5)
  An orb of fire (Zot:5)
  2 Killer Klowns (Zot:5)
  3 golden dragons (Zot:5)
  A tentacled monstrosity (Zot:5)
  14 Orb Guardians (Zot:5)
  2 draconian scorchers (Zot:5)
  A cacodemon (Zot:5)
  A draconian stormcaller (Zot:5)
  2 green draconians (Zot:5)
  A red draconian (Zot:5)
  2 white draconians
  A yellow draconian (Zot:5)
  A purple draconian (Zot:5)
  A yaktaur captain (Vaults:5)
  Erica (Orc:1)
  A merfolk aquamancer (Shoals:4)
  A storm dragon skeleton (Depths:2)
  A deep elf zephyrmancer (Elf:1)
  A deep elf pyromancer (Elf:1)
  2 moths of wrath (Zot:5)
  An orc wizard (Orc:2)
  3 orcs
49 creatures vanquished.

Grand Total: 1948 creatures vanquished

Notes
Turn   | Place    | Note
-------+----------+-------------------------------------------
     0 | D:1      | Kearsarge the Merfolk Fighter began the quest for the Orb.
     0 | D:1      | Reached XP level 1. HP: 18/18 MP: 1/1
   344 | D:1      | Reached XP level 2. HP: 24/24 MP: 2/2
   809 | D:2      | Reached XP level 3. HP: 30/30 MP: 3/3
  1009 | D:2      | Reached XP level 4. HP: 36/37 MP: 4/4
  1163 | D:2      | Reached skill level 5 in Polearms
  1454 | D:3      | Noticed Natasha
  1462 | D:3      | Killed Natasha
  1477 | D:3      | Found Niraety's Antique Weapon Emporium.
  1510 | D:3      | Noticed Robin
  1553 | D:3      | Reached XP level 5. HP: 38/43 MP: 5/5
  1558 | D:3      | Killed Robin
  1661 | D:3      | Noticed Natasha
  1677 | D:3      | Killed Natasha
  1907 | D:3      | Found a faded altar of an unknown god.
  1907 | D:3      | Noticed a centaur
  1922 | D:3      | Killed a centaur
  1923 | D:3      | Reached skill level 5 in Fighting
  1923 | D:3      | Reached XP level 6. HP: 41/51 MP: 6/6
  1999 | D:3      | Found Reqore's Magic Scroll Emporium.
  2004 | D:3      | Bought a scroll of brand weapon for 104 gold pieces
  2013 | D:3      | Noticed Natasha
  2021 | D:3      | Killed Natasha
  2038 | D:3      | Found Myshos's Book Boutique.
  2083 | D:3      | Found Civether's Book Shop.
  2197 | D:3      | Found a runed translucent door.
  2220 | D:3      | Noticed Crazy Yiuf
  2224 | D:3      | Gained mutation: You possess an exceptional clarity of
                  | mind. [potion of mutation]
  2224 | D:3      | Gained mutation: You have a somewhat thin skeletal
                  | structure. (Dex +2, Stealth+) [potion of mutation]
  2224 | D:3      | Gained mutation: You have hidden genetic potential. [potion
                  | of mutation]
  2230 | D:3      | Reached XP level 7. HP: 68/68 MP: 7/7
  2236 | D:3      | Killed Crazy Yiuf
  2323 | D:4      | Found Voer Err's Weapon Boutique.
  2621 | D:4      | Found a runed translucent door.
  2625 | D:4      | Noticed qazz's ghost (amateur MfSu)
  2643 | D:4      | Found a sand-covered staircase.
  2652 | Ossuary  | Entered an ossuary
  2835 | Ossuary  | Gained mutation: Your flesh is heat resistant. (rF+)
                  | [hidden potential]
  2859 | Ossuary  | Reached XP level 8. HP: 75/75 MP: 8/8
  3308 | D:4      | Gained mutation: Your spells are a little harder to cast,
                  | but a little more powerful. [hidden potential]
  3308 | D:4      | Lost mutation: You have hidden genetic potential. [hidden
                  | potential expressed]
  3640 | D:4      | Found an ancient bone altar of Kikubaaqudgha.
  3697 | D:4      | Reached XP level 9. HP: 81/81 MP: 9/9
  3889 | D:5      | Entered Level 5 of the Dungeon
  3912 | D:5      | Identified the +0 scale mail of Weirdness {Harm rPois
                  | Will-}
  3979 | D:5      | Found Plog's Neck Hole.
  4158 | D:5      | Found a transporter.
  4200 | D:5      | Found a transporter.
  4233 | D:5      | Identified the +4 lajatang of Gehenna {speed, rF++}
  4273 | D:5      | Reached skill level 15 in Polearms
  4320 | D:5      | Found a radiant altar of Vehumet.
  4346 | D:5      | Found an opulent altar of Gozag.
  4363 | D:5      | Became a worshipper of Gozag Ym Sagoz the Greedy
  4906 | D:6      | Reached XP level 10. HP: 62/89 MP: 10/10
  5136 | D:6      | Found Lobipanou's Assorted Antiques.
  5145 | D:6      | Bought a scroll labelled TITELOFESM for 31 gold pieces
  5172 | D:6      | Found a sacrificial altar of Ru.
  5323 | D:7      | Reached skill level 1 in Dodging
  5405 | D:7      | Noticed Menkaure
  5413 | D:7      | Killed Menkaure
  5475 | D:7      | Found a broken altar of Ashenzari.
  5491 | D:7      | Found a shimmering altar of Xom.
  5551 | D:7      | Found a staircase to the Ecumenical Temple.
  6024 | D:8      | Reached skill level 5 in Dodging
  6197 | D:8      | Found a bloodstained altar of Trog.
  6236 | D:8      | Found Moujera's General Store.
  6241 | D:8      | Bought a scroll of identify for 26 gold pieces
  6241 | D:8      | Bought a scroll of identify for 26 gold pieces
  6249 | D:8      | Noticed a death yak
  6250 | D:8      | Noticed a death yak
  6258 | D:8      | Noticed a death yak
  6262 | D:8      | Killed a death yak
  6275 | D:8      | Killed a death yak
  6284 | D:8      | Killed a death yak
  6288 | D:8      | Found a staircase to the Lair.
  6800 | D:8      | Reached XP level 11. HP: 77/95 MP: 11/11
  7214 | D:4      | Bought a +1 demon trident of draining for 442 gold pieces
  7307 | D:5      | Bought a scarf of resistance for 320 gold pieces
  7394 | D:9      | Found Fediuxt's Armour Shop.
  7460 | D:9      | Reached skill level 10 in Dodging
  7878 | D:9      | Found a staircase to the Orcish Mines.
  8212 | D:10     | Entered Level 10 of the Dungeon
  8264 | D:10     | Noticed a two-headed ogre
  8274 | D:10     | Killed a two-headed ogre
  8502 | D:10     | You fall into a shaft and drop 3 floors!
  8557 | D:12     | Noticed a tengu warrior
  8567 | D:12     | Killed a tengu warrior
  8568 | D:12     | Reached skill level 5 in Shields
  9031 | D:11     | Found a glowing golden altar of the Shining One.
  9138 | D:10     | Noticed Erolcha
  9146 | D:10     | Killed Erolcha
  9638 | D:11     | Reached XP level 12. HP: 73/102 MP: 12/12
  9933 | D:11     | Noticed a two-headed ogre
 10555 | D:11     | Noticed a two-headed ogre
 10562 | D:11     | Killed a two-headed ogre
 10615 | D:11     | Killed a two-headed ogre
 10931 | D:11     | Noticed a tengu warrior
 10942 | D:11     | Killed a tengu warrior
 11223 | D:3      | Bought a manual of Fighting for 1120 gold pieces
 11427 | Orc:1    | Entered Level 1 of the Orcish Mines
 11428 | Orc:1    | Found Kozeca's Magic Scroll Boutique.
 11444 | Orc:1    | Bought 3 scrolls of fear for 132 gold pieces
 11528 | Orc:1    | Found a dark tunnel.
 11653 | Orc:1    | Noticed Kearsarge's ghost (journeyman AtFi)
 11655 | Orc:1    | Noticed an orc warlord
 11662 | Orc:1    | Found a transporter.
 11742 | Orc:1    | Found a transporter.
 11753 | Orc:1    | Noticed Erica
 11767 | Orc:1    | Killed Erica
 12349 | Orc:1    | Bought a scroll of teleportation for 33 gold pieces
 12349 | Orc:1    | Bought a scroll of revelation for 82 gold pieces
 12349 | Orc:1    | Bought a scroll of teleportation for 33 gold pieces
 12349 | Orc:1    | Bought a scroll of identify for 22 gold pieces
 12349 | Orc:1    | Bought a scroll of teleportation for 33 gold pieces
 12357 | Orc:2    | Entered Level 2 of the Orcish Mines
 12540 | Orc:2    | Noticed rotlqkf's ghost (journeyman TrMo)
 12553 | Orc:2    | Found a runed translucent gate.
 12553 | Orc:2    | Found a runed translucent gate.
 12561 | Orc:2    | Found a runed translucent gate.
 12823 | Orc:2    | Found a staircase to the Elven Halls.
 12887 | Orc:2    | Noticed a two-headed ogre
 12895 | Orc:2    | Killed a two-headed ogre
 13036 | Orc:2    | Reached XP level 13. HP: 87/114 MP: 13/13
 13053 | Orc:2    | Reached skill level 15 in Fighting
 13298 | Orc:2    | Found Vuiseed's Book Shoppe.
 13298 | Orc:2    | Found Emmalygaaj's General Store.
 13298 | Orc:2    | Found Byli's Magic Scroll Shoppe.
 13363 | Orc:2    | Found Gias's Weapon Emporium.
 13373 | Orc:2    | Bought a scroll of enchant weapon for 135 gold pieces
 13373 | Orc:2    | Bought a scroll of blinking for 135 gold pieces
 13380 | Orc:2    | Bought a scroll of immolation for 44 gold pieces
 13380 | Orc:2    | Bought a scroll of revelation for 82 gold pieces
 13380 | Orc:2    | Bought a scroll of fear for 44 gold pieces
 13887 | Lair:1   | Entered Level 1 of the Lair of Beasts
 14415 | Lair:1   | Noticed Gastronok
 14432 | Lair:1   | Killed Gastronok
 15006 | Lair:2   | Found a staircase to the Snake Pit.
 15187 | Lair:2   | Found an ornate altar of the Wu Jian Council.
 15510 | Lair:2   | Reached XP level 14. HP: 113/130 MP: 14/14
 15701 | Lair:2   | Found a staircase to the Shoals.
 16769 | Lair:4   | Found a staircase to the Slime Pits.
 16884 | Lair:4   | Found a gate leading to a gauntlet.
 16921 | Gauntlet | Entered a Gauntlet
 16921 | Gauntlet | Found a transporter.
 16921 | Gauntlet | Found a transporter.
 16921 | Gauntlet | Found a transporter.
 16922 | Gauntlet | Found a transporter.
 16925 | Gauntlet | Found a transporter.
 16927 | Gauntlet | Found a transporter.
 16939 | Gauntlet | Found a transporter.
 16939 | Gauntlet | Found a transporter.
 16949 | Gauntlet | Found a transporter.
 17055 | Gauntlet | Found a transporter.
 17059 | Gauntlet | Found a transporter.
 17071 | Gauntlet | Found a transporter.
 17364 | Gauntlet | Identified the +1 pair of gloves "Gueliph" {rF++ MP+9}
 17400 | Gauntlet | Gained mutation: You occasionally lose the ability to read
                  | scrolls when taking damage. [a neqoxec]
 17414 | Gauntlet | Identified the +1 pair of boots of Compression {rF+ rCorr
                  | SInv}
 17510 | Gauntlet | HP: 5/129 [minotaur/+0 scimitar (27)]
 17510 | Gauntlet | HP: 1/129 [minotaur/+0 scimitar (4)]
 17717 | Gauntlet | Got Sif Muna's Codex of the Crypt
 18160 | Lair:5   | Entered Level 5 of the Lair of Beasts
 18891 | Lair:5   | Bought the +0 mask of the Dragon {Will+ Slay+3 SInv} for
                  | 467 gold pieces
 18891 | Lair:5   | Found the +0 mask of the Dragon {Will+ Slay+3 SInv}
 18951 | Lair:5   | Found a frozen archway.
 19006 | Lair:5   | Reached XP level 15. HP: 122/144 MP: 15/15
 19267 | Lair:5   | Found a white marble altar of Elyvilon.
 20537 | D:13     | Noticed Sonja
 20542 | D:13     | Killed Sonja
 20650 | D:13     | Lost mutation: You have a somewhat thin skeletal structure.
                  | (Dex +2, Stealth+) [potion of mutation]
 20650 | D:13     | Lost mutation: You occasionally lose the ability to read
                  | scrolls when taking damage. [potion of mutation]
 20650 | D:13     | Gained mutation: You occasionally lose the ability to read
                  | scrolls when taking damage. [potion of mutation]
 20651 | D:13     | Lost mutation: You possess an exceptional clarity of mind.
                  | [potion of mutation]
 20651 | D:13     | Lost mutation: Your flesh is heat resistant. (rF+) [potion
                  | of mutation]
 20651 | D:13     | Gained mutation: You sometimes lose your temper in combat.
                  | [potion of mutation]
 20651 | D:13     | Gained mutation: You are partially covered in iridescent
                  | scales. (AC +2) [potion of mutation]
 20651 | D:13     | Gained mutation: Your spells are harder to cast, but more
                  | powerful. [potion of mutation]
 21734 | D:14     | Noticed Agnes
 21752 | D:14     | Killed Agnes
 22098 | D:15     | Entered Level 15 of the Dungeon
 22208 | D:15     | Found a staircase to the Depths.
 22250 | D:15     | Reached XP level 16. HP: 62/159 MP: 16/16
 22389 | D:15     | Bought a scroll of fear for 76 gold pieces
 22389 | D:15     | Bought a scroll of enchant weapon for 142 gold pieces
 22392 | D:15     | Bought a scroll of brand weapon for 171 gold pieces
 22641 | D:15     | Lost mutation: Your spells are harder to cast, but more
                  | powerful. [potion of mutation]
 22641 | D:15     | Lost mutation: You are partially covered in iridescent
                  | scales. (AC +2) [potion of mutation]
 22641 | D:15     | Lost mutation: You occasionally lose the ability to read
                  | scrolls when taking damage. [potion of mutation]
 22641 | D:15     | Gained mutation: Your natural rate of healing is unusually
                  | fast. [potion of mutation]
 22641 | D:15     | Lost mutation: You sometimes lose your temper in combat.
                  | [potion of mutation]
 22941 | Shoals:1 | Entered Level 1 of the Shoals
 23127 | Shoals:1 | Found a runed translucent door.
 23786 | Shoals:2 | Found Vosmoism's Distillery.
 23791 | Shoals:2 | Noticed Ilsuiw
 23832 | Shoals:2 | Killed Ilsuiw
 23840 | Shoals:2 | Bought a potion of heal wounds for 105 gold pieces
 23840 | Shoals:2 | Bought a potion of might for 84 gold pieces
 23840 | Shoals:2 | Bought a potion of heal wounds for 105 gold pieces
 23973 | Shoals:2 | Found Xaanegep's Antique Armour Emporium.
 24008 | Shoals:2 | Found Kutzikk's Assorted Antiques.
 24017 | Shoals:2 | Found a flickering gateway to a bazaar.
 24028 | Bazaar   | Entered a bazaar
 24028 | Bazaar   | Found Owoock's Magic Scroll Shoppe.
 24045 | Bazaar   | Found Podwaebb's Jewellery Shoppe.
 24059 | Bazaar   | Found Miupn's Antique Armour Shoppe.
 24069 | Bazaar   | Bought a dazzling scale mail for 198 gold pieces
 24069 | Bazaar   | Identified the +3 scale mail "Meck" {rF+ rCorr Stlth-} (You
                  | bought it in a shop in a bazaar)
 24845 | Shoals:4 | Entered Level 4 of the Shoals
 24896 | Shoals:4 | Reached XP level 17. HP: 153/171 MP: 17/17
 25049 | Shoals:4 | Identified the +0 ring mail of the Wicked God {Harm rPois
                  | SInv}
 25108 | Shoals:4 | Identified the +0 war axe of Etriag {drain, Dex+3}
 25284 | Shoals:4 | Identified the ring of Bajuul {rN+ Int+2}
 25443 | Shoals:4 | Noticed a kraken
 25492 | Shoals:4 | Reached skill level 27 in Fighting
 25569 | Shoals:4 | Got a barnacled rune of Zot
 25667 | Shoals:4 | Identified the staff "Tyafol" {rC+ Tloc Ice}
 26049 | Snake:1  | Entered Level 1 of the Snake Pit
 26698 | Snake:1  | Noticed Frances
 27167 | Snake:2  | Noticed Vashnia
 27191 | Snake:2  | Killed Vashnia
 27325 | Snake:2  | Reached skill level 15 in Dodging
 27714 | Snake:2  | Noticed Roxanne
 28085 | Snake:3  | Found Olalimmeme's Weapon Shop.
 28196 | Snake:3  | Reached XP level 18. HP: 179/182 MP: 18/18
 29181 | Snake:3  | Found Ra's Dragon-Slaying Spoils.
 29188 | Snake:3  | Bought the +5 gold dragon scales "Kuzxa" {rPois rF+ rC+
                  | rCorr} for 1457 gold pieces
 29306 | Snake:4  | Entered Level 4 of the Snake Pit
 30593 | Snake:4  | Got a serpentine rune of Zot
 30857 | Snake:3  | Bought +2 storm dragon scales for 1196 gold pieces
 31113 | Elf:1    | Entered Level 1 of the Elven Halls
 31175 | Elf:1    | Reached XP level 19. HP: 188/189 MP: 19/19
 31578 | Elf:1    | Paralysed by an air elemental for 1 turns
 31937 | Elf:1    | Paralysed by an air elemental for 1 turns
 32029 | Elf:3    | Entered Level 3 of the Elven Halls
 32029 | Elf:3    | Found Caqadgh Cacro's Antique Armour Shop.
 32047 | Elf:3    | Paralysed by an air elemental for 1 turns
 32051 | Elf:3    | Noticed Saint Roka
 32100 | Elf:3    | Killed Saint Roka
 32178 | Elf:3    | Found an ancient bone altar of Kikubaaqudgha.
 32363 | Elf:3    | Paralysed by an air elemental for 1 turns
 32779 | Elf:3    | HP: 9/189 [deep elf elementalist/blast of rock fragments
                  | (41)]
 32962 | Elf:3    | Identified the amulet of Incredulity {Spirit rF+ Int+6}
 32968 | Elf:3    | Identified the +9 scimitar of Mana {flame, rN++ Int+3}
 33118 | Elf:3    | Identified the +1 morningstar "Mautat" {freeze, *Corrode
                  | rPois Stlth+}
 33141 | Elf:3    | Identified the staff of Mofixzio {rPois Dex+2 SInv Poison}
 33153 | Elf:3    | Identified the +1 morningstar "Nutiom" {holy, Int+2}
 33200 | Elf:3    | Identified the +5 broad axe of the Bruised Leylines {venom,
                  | rPois Dex+4}
 33200 | Elf:3    | Identified the amulet "Vaifeub" {*Slow Will+ Regen+ Int+2}
 33203 | Elf:3    | Noticed an Ice Fiend
 33693 | D:13     | Found a gate to the Vaults.
 33713 | Vaults:1 | Entered Level 1 of the Vaults
 33740 | D:13     | Reached XP level 20. HP: 197/197 MP: 20/20
 34941 | Vaults:1 | Identified the +0 chain mail of Fedhas's Displeasure {rElec
                  | rC- Will++ Slay+4}
 35180 | Vaults:2 | Noticed Mennas
 35675 | Vaults:2 | Found Huxziug's Weapon Emporium.
 35709 | Vaults:2 | Paralysed by a formless jellyfish for 1 turns
 36119 | Vaults:2 | Found Alop's General Store.
 36126 | Vaults:2 | Bought the +13 plate armour "Gifaebad" {rElec rCorr Str-5
                  | Int+3} for 2252 gold pieces
 36172 | Vaults:2 | Reached skill level 10 in Shields
 36208 | Vaults:2 | Noticed Donald
 36217 | Vaults:2 | Killed Donald
 36331 | Vaults:2 | Found a staircase to the Crypt.
 36401 | Vaults:2 | Reached XP level 21. HP: 110/204 MP: 21/21
 36968 | Vaults:3 | Identified the +10 plate armour "Paes" {rF+}
 37784 | Vaults:3 | Reached skill level 15 in Shields
 37785 | Vaults:3 | Paralysed by an orc sorcerer for 4 turns
 38064 | Vaults:4 | Noticed Zenata
 38702 | Vaults:4 | Reached XP level 22. HP: 212/212 MP: 22/22
 38868 | Vaults:4 | Identified the ring "Bikk" {rC+ rN+ Dex+6}
 38878 | Vaults:4 | Identified the +0 cloak of the Blessings {Rampage Fly}
 38945 | Vaults:4 | Killed Zenata
 39314 | Vaults:5 | Entered Level 5 of the Vaults
 39332 | Vaults:5 | Noticed an ancient lich
 39333 | Vaults:5 | Noticed an ancient lich
 39341 | Vaults:5 | Noticed a dread lich
 39344 | Vaults:5 | Noticed a dread lich
 39344 | Vaults:5 | Noticed Mara
 39344 | Vaults:5 | Identified a scroll of acquirement
 39355 | Vaults:5 | Noticed a golden dragon
 39355 | Vaults:5 | Identified the +3 morningstar of Tumult {protect, rPois rC+
                  | Dex-2}
 39358 | Vaults:5 | Found Ocusunn's Antique Armour Shoppe.
 39378 | Vaults:5 | Noticed Bai Suzhen
 39380 | Vaults:5 | Paralysed by a dread lich for 3 turns
 39388 | Vaults:5 | Identified the ring "Pesh" {rN++ rCorr MP+9}
 39403 | Vaults:5 | Paralysed by a dread lich for 3 turns
 39423 | Vaults:5 | Killed a dread lich
 39431 | Vaults:5 | Killed a golden dragon
 39544 | Vaults:5 | Killed an ancient lich
 39557 | Vaults:5 | Noticed a golden dragon
 39604 | Vaults:5 | Noticed a dread lich
 39651 | Vaults:5 | Acquired 632 gold pieces
 39691 | Vaults:5 | Noticed a golden dragon
 39706 | Vaults:5 | Killed a golden dragon
 39808 | Vaults:5 | Got a silver rune of Zot
 39835 | Vaults:5 | Paralysed by a dread lich for 5 turns
 39840 | Vaults:5 | Killed a dread lich
 39869 | Vaults:5 | Killed an ancient lich
 39993 | Vaults:5 | Killed a golden dragon
 40127 | Vaults:5 | Noticed Kearsarge's illusion
 40128 | Vaults:5 | Noticed Kearsarge's illusion
 40135 | Vaults:5 | Killed Mara
 40138 | Vaults:5 | Paralysed by a dread lich for 3 turns
 40149 | Vaults:5 | Paralysed by a dread lich for 4 turns
 40217 | Vaults:5 | Identified the +6 long sword of the Seven Things {spect,
                  | rPois rCorr Str-5 Dex+4}
 40295 | Vaults:5 | Reached XP level 23. HP: 214/217 MP: 23/23
 40356 | Vaults:5 | Killed Bai Suzhen
 40403 | Vaults:5 | Killed a dread lich
 40710 | Vaults:5 | Identified the +0 chain mail of Too Many Cooks {Rampage
                  | rF+}
 40777 | Vaults:5 | Identified the staff of Shrieking Terror {rElec rN+ rCorr
                  | SInv Necro}
 41443 | Depths:1 | Entered Level 1 of the Depths
 41820 | Depths:1 | Found a gateway to Hell.
 41852 | Depths:1 | Found Sujith's Jewellery Emporium.
 41864 | Depths:1 | Found Roq Foap's Armour Shoppe.
 42000 | Depths:1 | Gained mutation: You sometimes lose your temper in combat.
                  | [a shining eye]
 42189 | Depths:1 | Lost mutation: Your natural rate of healing is unusually
                  | fast. [potion of mutation]
 42189 | Depths:1 | Lost mutation: You sometimes lose your temper in combat.
                  | [potion of mutation]
 42189 | Depths:1 | Lost mutation: Your spells are a little harder to cast, but
                  | a little more powerful. [potion of mutation]
 42189 | Depths:1 | Gained mutation: You possess an exceptional clarity of
                  | mind. [potion of mutation]
 42189 | Depths:1 | Gained mutation: You have a pair of small antennae on your
                  | head. [potion of mutation]
 42189 | Depths:1 | Gained mutation: You are agile. (Dex +4, Str/Int -1)
                  | [potion of mutation]
 42649 | Depths:2 | Identified the +3 leather armour of Protective Custody
                  | {Harm Fly Regen+ Str-3}
 42760 | Depths:2 | Found a one-way gate leading to the halls of Pandemonium.
 43070 | Depths:2 | Identified the ring of Xixeeb {rPois rC+ Dex+6 Stlth+}
 43422 | Depths:3 | Found a basalt altar of Yredelemnul.
 43441 | Depths:3 | Reached XP level 24. HP: 204/227 MP: 23/23
 43588 | Depths:3 | Found a one-way gateway to a ziggurat.
 43614 | Zig:1    | Entered Level 1 of a ziggurat
 43620 | Zig:1    | Identified the +6 chain mail "Odewn" {Fly rElec rF+ Dex-5}
 43622 | Zig:2    | Entered Level 2 of a ziggurat
 43809 | Zig:3    | Entered Level 3 of a ziggurat
 43817 | Zig:3    | Paralysed by accursed screaming for 2 turns
 43823 | Zig:3    | Paralysed by accursed screaming for 2 turns
 43827 | Zig:3    | Paralysed by accursed screaming for 2 turns
 43830 | Zig:3    | Paralysed by accursed screaming for 2 turns
 43855 | Zig:3    | Paralysed by accursed screaming for 1 turns
 43863 | Zig:3    | HP: 9/237 [starcursed mass/accursed screaming (11)]
 43975 | Zig:3    | Identified the ring of Acosk {rF+ EV+5 Str+2 Int+3}
 43979 | Zig:3    | Identified the ring "Kudaj" {rPois rCorr Str+5}
 43997 | Zig:4    | Entered Level 4 of a ziggurat
 44009 | Zig:4    | Paralysed by a wendigo for 1 turns
 44493 | Depths:3 | Noticed Louise
 44498 | Depths:3 | Found a one-way gate to the infinite horrors of the Abyss.
 44506 | Depths:3 | Killed Louise
 44808 | D:3      | Bought a scroll of butterflies for 44 gold pieces
 44808 | D:3      | Bought a scroll of fog for 44 gold pieces
 44808 | D:3      | Bought a scroll of blinking for 82 gold pieces
 45402 | Depths:4 | Entered Level 4 of the Depths
 45690 | Depths:4 | Found a gate to the Realm of Zot.
 45879 | Depths:4 | Found Vihusut's Tiny Tomes.
 46049 | Depths:4 | Found a hide-covered altar of Uskayaw.
 46417 | Zot:1    | Entered Level 1 of the Realm of Zot
 47503 | Zot:2    | Reached skill level 27 in Polearms
 47535 | Zot:2    | Reached XP level 25. HP: 171/234 MP: 23/23
 47540 | Zot:2    | Noticed Parghit
 47656 | Zot:1    | Reached skill level 27 in Dodging
 47980 | Zot:5    | Entered Level 5 of the Realm of Zot
 47980 | Zot:5    | Found an ornate altar of the Wu Jian Council.
 48303 | Zot:5    | Noticed an orb of fire
 48304 | Zot:5    | Noticed a dread lich
 48306 | Zot:5    | Noticed an ancient lich
 48306 | Zot:5    | Noticed a Killer Klown
 48309 | Zot:5    | Noticed a Killer Klown
 48338 | Zot:5    | Killed an ancient lich
 48352 | Zot:5    | Killed a Killer Klown
 48395 | Zot:5    | Noticed an ancient lich
 48396 | Zot:5    | Noticed an orb of fire
 48397 | Zot:5    | Got the Orb of Zot
 48397 | Zot:5    | Noticed an orb of fire
 48404 | Zot:5    | Killed an ancient lich
 48420 | Zot:5    | Killed a dread lich
 48421 | Zot:5    | Killed a Killer Klown
 48436 | Zot:5    | Killed a dread lich
 48439 | Zot:5    | Killed a Killer Klown
 48441 | Zot:5    | Killed an orb of fire
 48457 | Zot:5    | Gained mutation: Your spells are a little easier to cast,
                  | but a little less powerful. [an orb of fire]
 48458 | Zot:5    | Gained mutation: You are frail. (-10% HP) [an orb of fire]
 48458 | Zot:5    | Noticed a dread lich
 48461 | Zot:5    | Noticed an orb of fire
 48577 | Zot:2    | Found a transporter.
 48578 | Zot:2    | Identified the -2 cloak of Meces {Will+}
 48580 | Zot:2    | Noticed Celeygasm's ghost (legendary DsGl)
 48582 | Zot:2    | Found a transporter.
 48647 | Zot:1    | Noticed Biokocida the pandemonium lord
 49046 | D:$      | Escaped with the Orb!

Illustrated notes

Levels and vault maps discovered:
D:1:      dpeg_arrival_arbitrary_a, layout_basic
D:2:      layout_rooms
D:3:      layout_rooms, serial_shops, nicolae_shop_rolling_square,
          nicolae_shop_rolling_square, nicolae_shop_scrapyard, shop,
          basic_ecumenical_altar, serial_bayou_pond_c, uniq_natasha,
          uniq_crazy_yiuf_cottage, uniq_robin
D:4:      layout_basic, nicolae_qazlal_beasts_of_the_sky,
          lemuel_mausoleum_altar_kikubaaqudgha, enter_ossuary_1,
          gammafunk_ghost_grave, serial_shops, nicolae_shop_real_fake_doors
D:5:      gammafunk_steamed_eel, layout_gridville,
          mainiacjoe_overflow_large_starburst, nicolae_shop_sticking_my_neck_out
D:6:      layout_rooms, nicolae_ru_sacrificial_ziggurat, serial_shops,
          nicolae_shop_gibbet_a_chance, minmay_misc_feat_encased,
          grunt_ministairs_15
D:7:      layout_loops_cross, mainiacjoe_overflow_catwalk_spiral,
          minmay_temple_entry_glass, moated_statue, amcnicky_mini_pool_medium,
          uniq_menkaure
D:8:      layout_basic, mainiacjoe_overflow_alcove_2, dpeg_lair_monsters,
          serial_shops, nicolae_shop_trees, kennysheep_decorative_pillar,
          minivault_26, kennysheep_donut
D:9:      layout_roguey, erik_orc_1, serial_shops, shop
D:10:     layout_small_grid, uniq_erolcha
D:11:     minmay_slanted_spiral_squares, layout_basic, tso_metal_star
D:12:     layout_irregular_city
D:13:     layout_irregular_city, hellmonk_vaults_attempted_burglary, uniq_sonja
D:14:     layout_loops_ring, nicolae_sextant, uniq_agnes
D:15:     gammafunk_depths_entry_grave, layout_rooms, grunt_decor_fettered
Lair:1:   layout_cave_shapes, uniq_gastronok
Lair:2:   layout_misc_corridors, minmay_shoals_entry_lonely_mermaid,
          dummy_snake_entry, basic_altar, serial_bayou_shore_b
Lair:3:   layout_gridlike, cheibrodos_lair_lostbears, infiniplex_staircase_pool,
          lemuel_fruit_tree
Lair:4:   layout_gridlike, nicolae_slime_entry_field_trip,
          gauntlet_entry_generic, serial_bayou_crossing
Lair:5:   minmay_lair_end_frog_pond, layout_regular_city, basic_altar,
          portal_ice_cave_entry_pillars_1, serial_bayou_shore_a
Shoals:1: layout_shoals, lightli_airlock
Shoals:2: layout_shoals, serial_shops, bzr_in_the_mist, shop, shop,
          nicolae_shop_hallway_plus, uniq_ilsuiw
Shoals:3: layout_shoals
Shoals:4: shoals_end_simple, layout_shoals, shoals_ilsuiw_ice,
          nicolae_shoals_lost_giant_amphitheater
Snake:1:  layout_grid_maze, grunt_megastairs_5, uniq_frances
Snake:2:  layout_cave_pods, uniq_vashnia, uniq_roxanne
Snake:3:  layout_honeycomb, serial_shops, nicolae_take_the_stairs,
          nicolae_shop_dragon_depot
Snake:4:  snake_pit_salamanders_mu, layout_onion
Orc:1:    layout_caves, serial_shops, shop_fountains,
          nicolae_volcano_entry_lava_flow, gammafunk_ghost_arena, uniq_erica
Orc:2:    st_orc_mages, layout_diamond_mine, gammafunk_ghost_split,
          nicolae_orc_flooded_monolith
Elf:1:    layout_loops_ring, evilmike_minifort
Elf:2:    elven_hall_of_blades_hangedman_alternative [nicolae_blade_lattice],
          layout_onion_city, nicolae_elf_big_sculpture_3, lemuel_elevator,
          uniq_louise, uniq_azrael
Elf:3:    elf_hall_gauntlet_narrow, layout_loops_cross, basic_altar,
          serial_shops, shop, uniq_saint_roka
Vaults:1: v_misc_11, hangedman_vaults_restitches,
          nicolae_vaults_little_squares_2, v_misc_27, vaults_room_ringed_pool,
          vaults_room_pool, v_alt_pattern_5, nicolae_vaults_storage_closets_1,
          v_misc_12, nicolae_vaults_specimen_jars, layout_vaults_big_room
Vaults:2: nicolae_vaults_trapezoid_layered, v_alt_pattern_1, v_misc_27,
          v_rooms_5, nicolae_vaults_two_Ls,
          nicolae_vaults_taking_the_gang_shopping,
          minmay_crypt_entry_simple_sparse, v_misc_4,
          vaults_room_stairs_pillars, nicolae_vaults_variable_pillar_hall,
          hangedman_vaults_impose, ontoclasm_vaults_ligature,
          nicolae_vaults_triangles, layout_vaults_ring, serial_shops, shop,
          uniq_mennas, uniq_donald
Vaults:3: nicolae_vaults_six-pack, st_star, nicolae_vaults_storage_room_statues,
          minmay_orc_keep, v_misc_26, nicolae_vaults_wine_cellar,
          nicolae_vaults_little_ls, vaults_mumra_chevron_long,
          vaults_dpeg_diagonal, v_misc_25, nicolae_vaults_tangram_1,
          layout_vaults_omnibox
Vaults:4: nicolae_vaults_museum, vaults_room_semicircle,
          nicolae_vaults_storage_room_water,
          nicolae_vaults_trapezoid_lopsided_1, hangedman_vaults_pinch,
          vaults_standard_mumra_enter_the_diamond, grunt_vaults_hallway_short,
          nicolae_vaults_diamond_2, vaults_room_large_hall,
          nicolae_vaults_mini_display_case, nicolae_vaults_gold_heap,
          nicolae_vaults_little_squares_5, layout_vaults_omnicross, uniq_zenata
Vaults:5: uniq_mara, uniq_bai_suzhen
Depths:1: layout_honeycomb, minmay_hedge_maze, pf_coc_iceberg,
          grunt_ministairs_3, hangedman_eye_storm, minmay_shoptagon
Depths:2: lemuel_firewalk_3, layout_basic, minmay_tree_intersection, hell_entry,
          pan_entry
Depths:3: dreamdust_under_siege, layout_honeycomb, enter_ziggurat_a,
          hangedman_decor_points, nicolae_abyss_entry_one_way_or_another,
          hangedman_tar_grid_catacomb
Depths:4: evilmike_zot_entry_diamond, layout_gridlike,
          hangedman_abyss_entry_splay, mu_enter_wizlab_4, hell_entry,
          nicolae_shop_i_like_small_books_too, dancing_weapons_uskayaw,
          infiniplex_staircase_pool_lava
Zot:1:    layout_gridlike, skrybe_zot_glass_2
Zot:2:    layout_onion_interference, gammafunk_ghost_wrathful_warriors,
          st_stairs_12, uniq_parghit
Zot:3:    layout_twisted_circle
Zot:4:    layout_twisted_circle, skrybe_zot_glass_3, regret_index_zotdec_iron_s
Zot:5:    layout_misc_corridors, basic_altar

Skill      XL: |  1  2  3  4  5  6  7  8  9 10 11 12 13 14 15 16 17 18 19 20 21 22 23 24 25 |
---------------+----------------------------------------------------------------------------+-----
Polearms       | 3 4 5 6 13 14 15 17 20 21 22 23 24 27 | 27.0
Fighting       | 4 5 11 12 14 18 21 23 26 27 | 27.0
Dodging        | 9 12 15 19 22 24 26 27 | 27.0
Shields        | 7 8 10 16 19 22 24 | 24.6
Armour         | |  2.1

Action                     |  1- 3 |  4- 6 |  7- 9 | 10-12 | 13-15 | 16-18 | 19-21 | 22-24 | 25-27 || total
---------------------------+-------+-------+-------+-------+-------+-------+-------+-------+-------++-------
  Melee: Trident           |    86 |   118 |   418 |   255 |       |       |       |       |       ||   877
         Demon trident     |       |       |       |   428 |  1119 |  1426 |  1350 |  1516 |   339 ||  6178
         Tailslap          |       |       |       |       |     2 |    31 |       |     1 |       ||    34
  Throw: Throwing net      |       |     1 |       |       |       |       |       |       |       ||     1
 Invoke: Potion Petition   |       |       |       |       |     2 |       |     4 |    12 |       ||    18
         Call Merchant     |       |       |       |       |     1 |     2 |       |       |       ||     3
         Bribe Branch      |       |       |       |       |       |       |       |       |     1 ||     1
  Evoke: Wand              |       |       |       |     5 |     9 |     7 |     1 |     4 |     6 ||    32
         Sack of spiders   |       |       |       |     1 |     2 |       |     1 |     1 |     1 ||     6
         Lightning rod     |       |       |       |       |       |    14 |     4 |       |       ||    18
    Use: Scroll            |       |     6 |     4 |    20 |    15 |    14 |    25 |    35 |     5 ||   124
         Potion            |       |     9 |       |     5 |     8 |     4 |    13 |    14 |     2 ||    55
   Stab: Sleeping          |       |       |     9 |    13 |     7 |       |       |       |       ||    29
         Distracted        |       |       |     4 |     3 |    20 |     5 |    14 |     7 |     3 ||    56
         Invisible         |       |       |       |       |       |       |     2 |       |       ||     2
         Fleeing           |       |       |       |       |       |       |       |     1 |       ||     1
 Armour: Ring mail         |    44 |    95 |   138 |   167 |   230 |       |       |       |       ||   674
         Quicksilver drago |       |       |       |       |   132 |     2 |       |       |       ||   134
         Plate armour      |       |       |       |       |       |   462 |   249 |   773 |    95 ||  1579
         Gold dragon scale |       |       |       |       |       |   188 |   164 |       |       ||   352
         Storm dragon scal |       |       |       |       |       |     6 |   337 |       |       ||   343
         Chain mail        |       |       |       |       |       |       |    33 |       |       ||    33
  Dodge: Dodged            |    28 |    58 |    83 |   227 |   332 |   271 |   360 |   434 |    88 ||  1881
  Block: Buckler           |    13 |    29 |    51 |    69 |       |       |       |       |       ||   162
         Kite shield       |       |       |       |    46 |   425 |   735 |   155 |       |       ||  1361
         Tower shield      |       |       |       |       |       |       |  1013 |  1868 |   404 ||  3285

Table legend: (Time is in decaauts)
 A = Elapsed time spent in this place.
 B = Non-inter-level travel time spent in this place.
 C = Inter-level travel time spent in this place.
 D = Time resting spent in this place.
 E = Time spent auto-exploring this place.
 F = Levels seen in this place.
 G = Mean time per level.
                   A        B        C        D        E       F      G
               +--------+--------+--------+--------+--------+-----+--------+
         Total |  47431 |  41506 |   5925 |   2085 |  28247 |  54 |  878.4 |
       Dungeon |  14774 |  12071 |   2703 |    422 |   9419 |  15 |  984.9 |
          Lair |   4939 |   4497 |    442 |    276 |   3380 |   5 |  987.8 |
        Shoals |   2501 |   1840 |    661 |     49 |    956 |   4 |  625.2 |
     Snake Pit |   4689 |   4285 |    404 |    123 |   3231 |   4 | 1172.2 |
  Orcish Mines |   2346 |   2208 |    138 |     24 |   1701 |   2 | 1173.0 |
   Elven Halls |   2287 |   2158 |    129 |    177 |   1272 |   3 |  762.3 |
        Vaults |   7567 |   7035 |    532 |    516 |   3954 |   5 | 1513.4 |
        Depths |   4228 |   3827 |    401 |     75 |   2623 |   4 | 1057.0 |
           Zot |   2230 |   1717 |    513 |     62 |    845 |   5 |  446.0 |
      Ziggurat |    430 |    430 |      0 |    174 |    116 |   4 |  107.5 |
        Bazaar |     47 |     47 |      0 |      0 |     34 |   1 |   47.0 |
       Ossuary |    504 |    504 |      0 |      0 |    316 |   1 |  504.0 |
      Gauntlet |    883 |    883 |      0 |    182 |    397 |   1 |  883.0 |
               +--------+--------+--------+--------+--------+-----+--------+

Top non-repeatable levels by time:
Vaults:5: 1814 daAuts
    D:11: 1619 daAuts
Vaults:1: 1548 daAuts
Vaults:3: 1454 daAuts
   Orc:2: 1428 daAuts
Vaults:4: 1399 daAuts
 Snake:4: 1398 daAuts
   Elf:3: 1376 daAuts
Vaults:2: 1350 daAuts
  Lair:5: 1324 daAuts
   Zot:1: 1282 daAuts
     D:4: 1273 daAuts
     D:8: 1238 daAuts
 Snake:3: 1235 daAuts
    D:13: 1187 daAuts
